 Dungeon Crawl Stone Soup version 0.23-a0-290-g290e36d (webtiles) character file.

63 DapperDogman the Ducker (level 3, 0/18 HPs)
             Began as a Felid Berserker on Oct 3, 2018.
             Was a Believer of Trog.
             Succumbed to an adder's poison
             ... on level 2 of the Dungeon.
             The game lasted 00:03:55 (1331 turns).

DapperDogman the Ducker (Felid Berserker)           Turns: 1331, Time: 00:03:55

Health: 0/18       AC:  1    Str: 14    XL:     3   Next: 87%
Magic:  4/4        EV: 21    Int:  8    God:    Trog [**....]
Gold:   84         SH:  0    Dex: 15    Spells: 2/2 levels left
                                        Lives:  0   Deaths: 0

rFire    . . .     SeeInvis +     - Unarmed
rCold    . . .     Gourm    .   (shield unavailable)
rNeg     . . .     Faith    .   (armour unavailable)
rPois    .         Spirit   .   (helmet unavailable)
rElec    .         Reflect  .   (cloak unavailable)
rCorr    .         Harm     .   (gloves unavailable)
MR       .....                  (boots unavailable)
Stlth    ++........             (no amulet)
HPRegen  0.06/turn              (no ring)
MPRegen  0.09/turn              (no ring)

@: lethally poisoned (0 -> -3), quick
A: very small, no armour, no weapons or thrown items, stealth, claws 1, fangs 3,
see invisible, carnivore, speed 1, shaggy fur 1, slow metabolism 1, sharp paws
a: Berserk, Trog's Hand, Renounce Religion


You were on level 2 of the Dungeon.
You worshipped Trog.
Trog was pleased with you.
You were not hungry.

You visited 1 branch of the dungeon, and saw 2 of its levels.

You collected 84 gold pieces.

Inventory:

Jewellery
 b - an uncursed amulet of faith {unknown}
Scrolls
 c - 6 scrolls of identify {unknown}
 d - a scroll of enchant weapon {unknown}
 e - 2 scrolls of fear {unknown}
 f - 2 scrolls of amnesia {unknown}
 g - a scroll of fog {unknown}
 h - 2 scrolls of enchant armour {unknown}
 i - a scroll of remove curse {unknown}
 j - a scroll of teleportation {unknown}
Comestibles
 a - 6 rations


   Skills:
 - Level 3.7 Fighting
 + Level 5.7 Dodging
 - Level 3.0 Unarmed Combat


You had 2 spell levels left.
You didn't know any spells.
Your spell library was empty.

Dungeon Overview and Level Annotations

Branches:
Dungeon (2/15)

Altars:

Annotations:
D:2 Natasha


Innate Abilities, Weirdness & Mutations

You cannot wear armour.
You are incapable of wielding weapons or throwing items.
Your paws allow you to move quietly. (Stealth)
You have sharp claws.
You have razor-sharp teeth.
You have supernaturally acute eyesight. (SInv)
You are carnivorous and can eat meat at any time.
You cover ground quickly.
You are covered in fur. (AC +1)
You have a slow metabolism.
Your sharp claws are effective at attacking unaware monsters.


Message History

You feel sick. The adder bites you.
You closely miss the adder. You bite the adder, but do no damage.
The adder is heavily wounded.
The adder completely misses you. The adder bites you.
* * * LOW HITPOINT WARNING * * *
You are lethally poisoned!
The adder poisons you!
You claw the adder!
You kill the adder!
Trog accepts your kill.
* * * LOW HITPOINT WARNING * * *
You feel sick.
There is a lethal amount of poison in your body!
* * * LOW HITPOINT WARNING * * *
You feel sick.
* * * LOW HITPOINT WARNING * * *
You feel sick.
Natasha, Servant of Life and Death comes into view.
Natasha hisses angrily.
You die...

..# #.## #.# ...#
#.# #..# #.# #h.#
#.# #..# #######.#
#..# ........####
#@.# # #.......#
#..# .# #.......#
#..##.####.......#
#.................
###.#.####.......#
#.#........)<...
#.#.####...)....
#.# #......... #.#
###.#.#....#


You could see Natasha.

Vanquished Creatures
  2 adders (D:2)
  2 worms (D:2)
  2 dart slugs (D:1)
  4 giant cockroaches (D:1)
  9 goblins
  2 hobgoblins (D:1)
  2 bats (D:1)
  3 frilled lizards
  7 kobolds
33 creatures vanquished.

Notes
Turn   | Place    | Note
-------+----------+-------------------------------------------
     0 | D:1      | DapperDogman the Felid Berserker began the quest for the
                  | Orb.
     0 | D:1      | Reached XP level 1. HP: 10/10 MP: 2/2
   214 | D:1      | Reached XP level 2. HP: 11/14 MP: 3/3
   419 | D:1      | Reached XP level 3. HP: 16/17 MP: 4/4
   420 | D:1      | Reached ** piety under Trog
   777 | D:2      | Reached skill level 5 in Dodging
  1328 | D:2      | Noticed Natasha
  1331 | D:2      | Succumbed to an adder's poison

Vault maps used:
D:1:      matt_arrival_los_fun, corexii_leaking_fountain,
          wad_floor_pattern_untrapped, minmay_statues_item, st_stairs_1,
          roderic_cross_of_infinity
D:2:      uniq_natasha, uniq_crazy_yiuf_cottage

Skill      XL: |  1  2  3 |
---------------+----------+-----
Dodging        | 5 |  5.7
Fighting       | |  3.7
Unarmed Combat | |  3.0

Action                   || total
-------------------------++-------
Melee: Unarmed           ||    96
       Bite              ||     4
       Punch             ||     2
Invok: Berserk           ||     1
  Use: Potion            ||     1
 Stab: Sleeping          ||     4
Armor: Skin              ||     3
Dodge: Dodged            ||    82

Table legend:
 A = Non-vault XP
 B = Vault XP
 C = Vault XP percentage of total XP
 D = Non-vault monster count
 E = Vault monster count
 F = Vault count percentage of total count
                 A         B        C        D         E       F
            +---------+---------+-------+---------+---------+-------
      Total |      87 |       3 |   3.3 |      31 |       2 |   6.1
            +---------+---------+-------+---------+---------+-------
        D:1 |      44 |       3 |   6.4 |      23 |       2 |   8.0
        D:2 |      43 |       0 |   0.0 |       8 |       0 |   0.0
            +---------+---------+-------+---------+---------+-------
